[Event "World Junior U20 Open 2018"]
[Site "Gebze"]
[Date "2018.09.11"]
[Round "7.35"]
[White "Kamer, Kayra"]
[Black "Lagunow, Raphael"]
[Result "0-1"]
[ECO "A30"]
[WhiteElo "2205"]
[BlackElo "2403"]
[Annotator "ChessBase"]
[PlyCount "80"]
[EventDate "2018.09.05"]
[EventType "swiss"]
[EventCountry "TUR"]
[SourceTitle "playchess.com"]
[Source "ChessBase"]
[SourceQuality "1"]
[TimeControl "40/5400+30:1800+30"]

1. Nf3 c5 2. c4 g6 3. d4 cxd4 4. Nxd4 Bg7 5. g3 Nc6 6. Nb3 d6 7. Bg2 Bd7 8. O-O b6 9. Nc3 Rc8 10. f4 Bxc3 11. bxc3 Nf6 12. e4 Be6 13. Nd4 Nxd4 14. cxd4 Bxc4 15. Re1 d5 16. e5 Ne4 17. f5 gxf5 18. Qh5 Qd7 19. Bh6 Rg8 20. Bf4 Qe6 21. Bh3 Qg6 22. Qf3 h5 23. Rac1 h4 24. Kg2 hxg3 25. hxg3 e6 26. Rh1 Kd7 27. Qa3 Nxg3 28. Qxa7+ Rc7 29. Qa4+ b5 30. Qa3 Ne2+ 31. Kh2 b4 32. Qa4+ Kd8 33. Rb1 Nxd4 34. Qd1 Bd3 35. Rb2 Rc1 36. Rg2 Rxd1 37. Rxd1 Nf3+ 38. Kh1 Qh7 39. Rxg8+ Qxg8 40. Rxd3 Qg1# 0-1

[Event "World Junior U20 Open 2018"]
[Site "Gebze"]
[Date "2018.09.11"]
[Round "7.36"]
[White "Nyambileg, Erdene-Ochir"]
[Black "Nikolovski, Nikola"]
[Result "1/2-1/2"]
[ECO "A70"]
[WhiteElo "1798"]
[BlackElo "2388"]
[Annotator "NA"]
[PlyCount "95"]
[EventDate "2018.09.05"]
[EventType "swiss"]
[EventCountry "TUR"]
[SourceTitle "playchess.com"]
[Source "ChessBase"]
[SourceQuality "1"]
[TimeControl "40/5400+30:1800+30"]

1. d4 Nf6 2. c4 c5 3. d5 e6 4. Nc3 exd5 5. cxd5 d6 6. e4 g6 7. Nf3 Bg7 8. h3 O-O 9. Bd3 Nh5 10. O-O Nd7 11. Bg5 {[%emt 0:02:30] LiveBook: 109 Games A70: Modern Benoni: 6 e4 g6 7 Nf3} Bf6 12. Be3 Re8 13. Be2 (13. Qd2 Ne5 14. Be2 Nxf3+ 15. Bxf3 Ng7 16. a4 Bd7 17. Nb5 Qb6 18. Bf4 Bxb5 19. axb5 {½-½ (40) Batchuluun,T (2513)-Yilmaz,M (2616) Baku 2016}) 13... Bxc3 14. bxc3 Rxe4 15. Nd2 Rxe3 16. fxe3 Nhf6 $146 ({Predecessor:} 16... Ng3 $11 {remains equal.} 17. Rf3 {1-0 (44) Barseghyan,H (2442)-Poignot,Q (2246) Asnieres-sur-Seine 2017}) 17. e4 Qe7 18. Qc2 Ne5 19. Rf2 b6 20. Raf1 Nfd7 21. Rf4 Bb7 22. Bb5 Rf8 23. c4 Nb8 24. Nf3 Ned7 25. h4 Bc8 26. h5 g5 27. Rf5 h6 28. Qd2 f6 29. Qd3 Ne5 30. Nxe5 Bxf5 31. Rxf5 dxe5 32. Rf2 Nd7 33. Qh3 Rf7 34. Qf5 Nf8 35. Qc8 Qd6 36. Be8 Rc7 37. Qf5 Kg7 38. Rf3 Re7 39. Bc6 Rc7 40. Ra3 Qe7 41. Rb3 Qd8 42. a4 Kf7 43. Rb5 Rc8 44. Qh3 ({Besser ist} 44. a5 $1 $16) 44... a5 45. Rxb6 (45. Qb3 $14) 45... Qxb6 46. Qxc8 Qb1+ 47. Kh2 Qxe4 48. Qe8+ $11 1/2-1/2

[Event "World Junior U20 Open 2018"]
[Site "Gebze"]
[Date "2018.09.11"]
[Round "7.44"]
[White "Ozer, Omer Faruk"]
[Black "Milosevic, Milos"]
[Result "0-1"]
[ECO "C41"]
[WhiteElo "2388"]
[BlackElo "2292"]
[Annotator "RC"]
[PlyCount "90"]
[EventDate "2018.09.05"]
[EventType "swiss"]
[EventCountry "TUR"]
[SourceTitle "playchess.com"]
[Source "ChessBase"]
[SourceQuality "1"]
[TimeControl "40/5400+30:1800+30"]

1. e4 e5 2. Nf3 d6 3. d4 exd4 4. Nxd4 Nf6 5. Nc3 Be7 6. Be2 O-O 7. O-O Re8 8. Re1 Bf8 9. Bf3 Nbd7 10. g3 c6 11. Bg2 Nc5 12. b3 a5 13. a4 g6 14. Bb2 Bg7 15. Qd2 Qb6 16. h3 Bd7 17. Kh1 Rad8 18. g4 Bc8 19. Rad1 h6 20. Qc1 d5 21. exd5 Rxe1+ 22. Rxe1 cxd5 23. Ncb5 Nfe4 24. f3 Nd6 25. Nxd6 Qxd6 26. Qd2 b6 27. Nb5 Qf8 28. Bxg7 Qxg7 29. Qf4 d4 30. Bf1 Ne6 31. Qb8 Qf6 32. Qxb6 Qh4 33. Re4 Rf8 34. Nxd4 Ng5 35. Re2 h5 36. Qf6 hxg4 37. fxg4 Bb7+ 38. Bg2 Qxh3+ 39. Kg1 Bxg2 40. Rxg2 Qe3+ 41. Kh2 Re8 42. Re2 Qh3+ 43. Kg1 Qxg4+ 44. Kh1 Rxe2 45. Nxe2 Nf3 0-1

[Event "World Junior U20 Open 2018"]
[Site "Gebze"]
[Date "2018.09.11"]
[Round "7.45"]
[White "Thilakarathne, G M H"]
[Black "Miciano, John Marvin"]
[Result "0-1"]
[ECO "B07"]
[WhiteElo "2238"]
[BlackElo "2374"]
[Annotator "NA"]
[PlyCount "126"]
[EventDate "2018.09.05"]
[EventType "swiss"]
[EventCountry "TUR"]
[SourceTitle "playchess.com"]
[Source "ChessBase"]
[SourceQuality "1"]
[TimeControl "40/5400+30:1800+30"]

1. e4 d6 2. d4 Nf6 3. Nc3 g6 4. Bg5 Bg7 5. Qd2 c6 6. O-O-O O-O 7. f4 {[%emt 0:00:30] B07: Pirc Defence: Miscellaneous Systems} (7. Bh6 Qa5 8. Bxg7 Kxg7 9. Kb1 Nbd7 10. h4 h5 11. f3 b5 12. Bd3 b4 13. Nce2 c5 14. g4 Qc7 15. dxc5 dxc5 {0-1 (66) Rublevsky,S (2702)-Mamedyarov,S (2736) Berlin 2015}) 7... b5 8. Bd3 Qa5 9. Kb1 b4 10. Nce2 c5 11. Bxf6 $146 ({Predecessor:} 11. dxc5 Qxc5 12. Nf3 Nc6 13. f5 Ng4 14. h3 Nge5 {1-0 (34) Stojanovic,D (2469)-Drljevic,L (2244) Budva 2009}) 11... exf6 12. f5 Bb7 (12... Ba6 $11 13. Bxa6 Nxa6) 13. h4 gxf5 14. exf5 Bd5 15. b3 Nd7 16. Rh3 Kh8 17. g4 Nb6 18. Nf4 c4 19. Be2 (19. Nxd5 $11 Nxd5 20. Bxc4) 19... Rac8 20. Bf3 Bh6 ({Black should try} 20... Bxf3 $17 21. Nxf3 cxb3 22. axb3 Rc3) 21. g5 $1 cxb3 22. axb3 Nc4 23. bxc4 Bxc4 24. Qg2 Ba2+ 25. Kc1 Qa3+ 26. Kd2 Rxc2+ 27. Ke1 Rxg2 28. Bxg2 b3 29. gxh6 Qa5+ 30. Kf2 Qxf5 31. Nge2 b2 32. Ra3 b1=Q 33. Rxb1 Bxb1 34. Bh3 Qb5 35. Rxa7 Be4 36. Re7 f5 37. Nh5 Qd3 38. Bg2 Bxg2 39. Kxg2 Qd2 40. Nhf4 Qe1 41. Rd7 Qxh4 42. Rxd6 Qe7 43. Rd5 Qe3 44. Re5 Rg8+ 45. Kf1 Qf3+ 46. Ke1 Ra8 47. Kd2 f6 48. Re6 Kg8 49. d5 Kf7 50. Rc6 Ra2+ 51. Ke1 Ra4 52. Rc7+ Ke8 $19 53. Rc8+ Kd7 54. Rh8 Rxf4 55. Rxh7+ Ke8 56. Nxf4 Qxf4 57. Rh8+ Kf7 58. h7 Kg7 59. Rd8 Kxh7 60. d6 Qe3+ 61. Kf1 Qb6 62. Rd7+ Kg6 63. Ke1 f4 0-1

[Event "World Junior U20 Open 2018"]
[Site "Gebze"]
[Date "2018.09.11"]
[Round "7.46"]
[White "Can, Isik"]
[Black "Cadilhac, Igor Tokuichi Kikuc"]
[Result "1-0"]
[ECO "B35"]
[WhiteElo "2361"]
[BlackElo "2286"]
[Annotator "NA"]
[PlyCount "91"]
[EventDate "2018.09.05"]
[EventType "swiss"]
[EventCountry "TUR"]
[SourceTitle "playchess.com"]
[Source "ChessBase"]
[SourceQuality "1"]
[TimeControl "40/5400+30:1800+30"]

1. e4 c5 2. Nf3 g6 3. d4 cxd4 4. Nxd4 Nc6 5. Nc3 Bg7 6. Be3 Nf6 7. Bc4 O-O 8. Bb3 Re8 {[%emt 0:00:30] B35: Sicilian: Accelerated Dragon with 5 Nc3: main line} 9. f3 d5 10. exd5 Nb4 11. Nde2 e6 12. Bd4 exd5 13. Qd2 $146 ({Predecessor:} 13. O-O Be6 14. Bf2 d4 15. Nxd4 Bxb3 16. Nxb3 {½-½ (16) Jakovenko,D (2735)-Gelfand,B (2695) Poikovsky 2018}) 13... Nc6 14. O-O-O Nxd4 15. Nxd4 Be6 16. g4 h5 (16... Rc8 $14) 17. Nxe6 fxe6 18. Qd3 Kh7 19. Rhg1 (19. h4 $18) 19... hxg4 20. fxg4 Nd7 21. Qh3+ Kg8 22. Nxd5 Nc5 23. Nc3 Nxb3+ (23... Qg5+ $16 {might work better.} 24. Kb1 Rad8) 24. axb3 Qa5 25. Kb1 Rac8 26. Qd3 Qg5 {[%emt 0:04:06] [#]} 27. h4 $18 Qxh4 28. Qxg6 Qf6 29. Qxf6 Bxf6 30. Ne4 Be5 31. Rd7 Red8 32. Rxb7 Rd4 33. Re1 Rcd8 34. Rxa7 Rd1+ 35. Rxd1 Rxd1+ 36. Ka2 Rc1 37. c3 Re1 38. Nc5 Bd6 39. b4 e5 40. Rd7 Bf8 41. Ne6 e4 42. Rd8 Kf7 43. Nxf8 e3 44. Rd4 Kxf8 45. Re4 e2 46. b5 1-0

[Event "World Junior U20 Open 2018"]
[Site "Gebze"]
[Date "2018.09.11"]
[Round "7.47"]
[White "Baenziger, Fabian"]
[Black "Agdelen, Huseyin Can"]
[Result "1/2-1/2"]
[ECO "A20"]
[WhiteElo "2360"]
[BlackElo "2280"]
[Annotator "ChessBase"]
[PlyCount "60"]
[EventDate "2018.09.05"]
[EventType "swiss"]
[EventCountry "TUR"]
[SourceTitle "playchess.com"]
[Source "ChessBase"]
[SourceQuality "1"]
[TimeControl "40/5400+30:1800+30"]

1. c4 e5 2. g3 Nf6 3. Bg2 d5 4. cxd5 Nxd5 5. Nf3 Nc6 6. O-O Be7 7. d4 exd4 8. Nxd4 Nxd4 9. Qxd4 Nf6 10. Qa4+ c6 11. Rd1 Bd7 12. Bg5 O-O 13. Nc3 Qc8 14. Rac1 Bh3 15. Bxf6 Bxf6 16. Nd5 Bg5 17. e3 Bxg2 18. Kxg2 Qf5 19. Nf4 Rfe8 20. Qc2 Qxc2 21. Rxc2 Bxf4 22. gxf4 Rad8 23. Rcd2 Rxd2 24. Rxd2 Kf8 25. Rd7 Re7 26. Rd8+ Re8 27. Rd7 Re7 28. Rd8+ Re8 29. Rd7 Re7 30. Rd8+ Re8 1/2-1/2

[Event "World Junior U20 Open 2018"]
[Site "Gebze"]
[Date "2018.09.11"]
[Round "7.48"]
[White "Vanczak, Tamas"]
[Black "Krishna Teja, N."]
[Result "0-1"]
[ECO "B19"]
[WhiteElo "2276"]
[BlackElo "2356"]
[Annotator "NA"]
[PlyCount "82"]
[EventDate "2018.09.05"]
[EventType "swiss"]
[EventCountry "TUR"]
[SourceTitle "playchess.com"]
[Source "ChessBase"]
[SourceQuality "1"]
[TimeControl "40/5400+30:1800+30"]

1. e4 c6 2. d4 d5 3. Nc3 dxe4 4. Nxe4 Bf5 5. Ng3 Bg6 6. h4 h6 7. Nf3 e6 8. Ne5 Bh7 9. Bd3 Bxd3 10. Qxd3 Nf6 11. Bd2 Be7 {[%emt 0:03:30] B19: Classical Caro-Kann: 4...Bf5 main line} 12. O-O-O Nbd7 13. f4 Qc7 {[%emt 0:01:30] LiveBook: 4 Games} 14. Kb1 (14. Ne4 Nxe4 15. Qxe4 Nf6 16. Qf3 g6 17. Kb1 h5 18. c4 Rc8 19. Bc3 b5 20. d5 cxd5 21. cxd5 Nxd5 22. Rxd5 exd5 23. Qxd5 {1-0 (29) Saric,I (2652)-Navara,D (2725) Tallinn 2016}) 14... Rf8 15. Rhe1 $146 ({Predecessor:} 15. f5 O-O-O 16. Qe2 Nxe5 17. dxe5 Nd5 18. Qe4 Kb8 19. c4 Nb4 20. f6 gxf6 21. exf6 {1-0 (46) Gruenfeld,Y (2448)-Duchko,U Opatija 2014}) 15... O-O-O 16. Qf3 c5 17. Qa3 Kb8 18. Ba5 b6 19. Qf3 (19. Bd2 $11 {remains equal.}) 19... Nxe5 20. fxe5 Ng8 21. Bc3 cxd4 22. Bxd4 Bxh4 23. Bc3 Ne7 24. Bb4 Bxg3 25. Qxg3 Nf5 26. Qf3 Rxd1+ 27. Rxd1 Rc8 28. c3 Qb7 29. Qe2 Ng3 30. Qg4 Nf5 $2 (30... Qxg2 $19 31. Qxg7 Qe4+ 32. Ka1 Nf5) 31. Qe2 h5 32. a4 h4 33. Rd3 a5 34. Ba3 Qc6 35. Qd2 Qe4 36. Bd6+ Kb7 37. b3 g5 38. Kb2 $19 (38. Ka2 $142 g4 39. Ba3) 38... g4 39. c4 g3 40. c5 h3 41. cxb6 Qxg2 0-1

[Event "World Junior U20 Open 2018"]
[Site "Gebze"]
[Date "2018.09.11"]
[Round "7.53"]
[White "Secheres, Adrian-Simion"]
[Black "Rodrigue-Lemieux, Shawn"]
[Result "1-0"]
[ECO "E35"]
[WhiteElo "2408"]
[BlackElo "2250"]
[Annotator "ChessBase"]
[PlyCount "111"]
[EventDate "2018.09.05"]
[EventType "swiss"]
[EventCountry "TUR"]
[SourceTitle "playchess.com"]
[Source "ChessBase"]
[SourceQuality "1"]
[TimeControl "40/5400+30:1800+30"]

1. d4 Nf6 2. c4 e6 3. Nc3 Bb4 4. Qc2 d5 5. cxd5 exd5 6. Bg5 h6 7. Bh4 c5 8. dxc5 g5 9. Bg3 Ne4 10. e3 Qf6 11. Nf3 Nc6 12. Bb5 Nxc3 13. Bxc6+ bxc6 14. a3 Bf5 15. Qd2 Bh3 16. Be5 Qf5 17. Bxc3 Bxg2 18. Nd4 Bxc3 19. Qxc3 Qe5 20. Rg1 Qxh2 21. O-O-O O-O 22. f4 Be4 23. fxg5 h5 24. Qd2 Qe5 25. Rdf1 Bg6 26. Rf4 Rac8 27. Rg3 Rfe8 28. b3 h4 29. Rh3 Qxg5 30. Rfxh4 Qg1+ 31. Qd1 Qf2 32. Ne2 Rxe3 33. Rh8+ Kg7 34. Qd4+ f6 35. Rxe3 Qe1+ 36. Kb2 Qb1+ 37. Kc3 Qa1+ 38. Kb4 a5+ 39. Ka4 Qxd4+ 40. Nxd4 Kxh8 41. Kxa5 Be4 42. Kb6 f5 43. a4 f4 44. Rh3+ Kg7 45. Ne6+ Kf6 46. Nxf4 d4 47. a5 Ke5 48. Nd3+ Bxd3 49. Rxd3 Ke4 50. Rd1 Rb8+ 51. Kxc6 Rxb3 52. Ra1 d3 53. a6 d2 54. a7 Ra3 55. Rxa3 d1=Q 56. a8=Q 1-0

[Event "World Junior U20 Open 2018"]
[Site "Gebze"]
[Date "2018.09.11"]
[Round "7.54"]
[White "Huber, Martin Christian"]
[Black "Nalbant, Tuna Onat"]
[Result "1-0"]
[ECO "E08"]
[WhiteElo "2390"]
[BlackElo "2241"]
[Annotator "NA"]
[PlyCount "109"]
[EventDate "2018.09.05"]
[EventType "swiss"]
[EventCountry "TUR"]
[SourceTitle "playchess.com"]
[Source "ChessBase"]
[SourceQuality "1"]
[TimeControl "40/5400+30:1800+30"]

1. Nf3 d5 2. d4 Nf6 3. c4 e6 4. g3 Be7 5. Bg2 O-O 6. O-O c6 7. Qc2 Nbd7 8. Rd1 b6 9. b3 Bb7 10. Nc3 Rc8 11. e4 dxe4 12. Nxe4 Nxe4 13. Qxe4 Re8 14. Bf4 {[%emt 0:08:00] LiveBook: 5 Games E08: Closed Catalan: Main Line: 7 Qc2} Nf6 15. Qc2 Bd6 16. Bxd6 Qxd6 17. c5 $146 ({Predecessor:} 17. Ne5 Qe7 18. c5 Nd5 19. Rac1 f6 20. Nf3 Rc7 21. a3 b5 {1-0 (60) Simic,R (2402)-Konjevic,D (2351) Budva 2003}) 17... Qc7 18. Ne5 Nd7 19. Nc4 Rb8 20. Nd6 Red8 21. b4 Nf6 22. Rac1 Bc8 23. Qa4 b5 24. Qb3 Nd5 25. f4 a5 26. a3 g6 27. Re1 Ne7 28. Rcd1 axb4 29. axb4 Nd5 30. Bxd5 exd5 31. Ne8 Qb7 32. Qe3 Bf5 33. Nf6+ Kf8 34. Qe5 Be6 35. Nxh7+ Kg8 36. Nf6+ Kf8 37. g4 Qc8 38. Qg5 Kg7 39. f5 Bxf5 40. gxf5 Qxf5 41. Nh5+ Kh7 42. Qxf5 gxf5 43. Rf1 Ra8 44. Rxf5 Ra4 45. Ng3 Rxb4 46. Rxf7+ Kg8 47. Rc7 $18 Ra8 48. Rxc6 Rb2 49. Rd6 Raa2 50. Nf1 b4 51. Rxd5 b3 52. c6 Rc2 53. Rc5 Rxc5 54. dxc5 Rc2 55. c7 1-0

[Event "World Junior U20 Open 2018"]
[Site "Gebze"]
[Date "2018.09.11"]
[Round "7.55"]
[White "Tifferet, Shaked"]
[Black "Arcuti, Davide"]
[Result "0-1"]
[ECO "E16"]
[WhiteElo "2299"]
[BlackElo "2356"]
[Annotator "NA"]
[PlyCount "82"]
[EventDate "2018.09.05"]
[EventType "swiss"]
[EventCountry "TUR"]
[SourceTitle "playchess.com"]
[Source "ChessBase"]
[SourceQuality "1"]
[TimeControl "40/5400+30:1800+30"]

1. d4 Nf6 2. c4 e6 3. g3 d5 4. Bg2 Bb4+ 5. Nd2 O-O 6. Ngf3 b6 7. O-O Bb7 8. Ne5 Re8 {[%emt 0:08:30] E16: Queen's Indian: 4 g3 Bb7 5 Bg2 Bb4+} (8... Bd6 9. cxd5 exd5 10. Ndc4 Be7 11. Bf4 Ne4 12. Nd2 Ng5 13. Bxg5 Bxg5 14. Rc1 Re8 15. e3 c5 16. dxc5 Rxe5 17. f4 Nc6 18. fxe5 Nxe5 {½-½ (44) Xu,X (2574)-Bu,X (2725) China 2018}) 9. a3 Bf8 10. b4 Nbd7 11. Bb2 c5 12. bxc5 bxc5 13. Nxd7 Nxd7 14. Rb1 {[%emt 0:23:30] [#]} Nb6 $146 ({Predecessor:} 14... Rb8 15. cxd5 Bxd5 16. Bxd5 exd5 17. dxc5 Nxc5 {½-½ (32) Virovlansky,S (2445)-Swiercz,D (2585) Golden Sands 2012}) 15. Re1 Rc8 16. dxc5 Bxc5 17. e3 Bf8 18. h4 Ba8 19. cxd5 Bxd5 20. e4 Ba8 21. Rc1 Rxc1 22. Bxc1 Qd4 23. Qg4 Nd7 24. Nf3 Qc3 $15 25. Bd2 Qxa3 26. e5 Qd3 27. Bg5 Rb8 28. h5 Rb4 29. Bf4 h6 30. Nh4 Bxg2 31. Nxg2 Rb1 32. Kh2 Rxe1 33. Nxe1 Qf1 34. Ng2 Qxf2 35. Be3 Nxe5 36. Qe4 Qf6 37. Nf4 Ng4+ 38. Kh3 Nxe3 39. Qxe3 a5 40. Qb3 Qf5+ 41. Kg2 Bd6 0-1

[Event "World Junior U20 Open 2018"]
[Site "Gebze"]
[Date "2018.09.11"]
[Round "7.58"]
[White "Cirovic, Miroljub"]
[Black "Pigeat, Alexandre"]
[Result "0-1"]
[ECO "D10"]
[WhiteElo "2181"]
[BlackElo "2347"]
[Annotator "NA"]
[PlyCount "78"]
[EventDate "2018.09.05"]
[EventType "swiss"]
[EventCountry "TUR"]
[SourceTitle "playchess.com"]
[Source "ChessBase"]
[SourceQuality "1"]
[TimeControl "40/5400+30:1800+30"]

1. d4 d5 2. c4 c6 3. cxd5 cxd5 4. Bf4 Nc6 5. Nc3 Nf6 6. e3 a6 7. Bd3 Bg4 8. Nge2 e6 9. O-O Bd6 10. f3 {[%emt 0:00:00] D10: Slav Defence: 3 cxd5 (without early Nf3) and 3 Nc3} Bh5 11. Na4 O-O 12. Rc1 Qe7 13. Bxd6 Qxd6 14. Nc5 Rab8 15. Qa4 Ne7 {[%emt 0:11:30] [#]} 16. b4 $146 ({Predecessor:} 16. Rc3 Bg6 17. Nf4 e5 18. dxe5 Qxe5 {½-½ (30) Sargissian,G (2666)-Oleksienko,M (2554) Dubai 2013}) 16... Bg6 17. Qb3 e5 18. dxe5 Qxe5 19. Bxg6 Nxg6 20. Qc3 Qg5 21. Ng3 Rfe8 22. Ne2 Rf8 23. Ng3 Rfe8 24. f4 Qg4 25. Qd4 h5 26. f5 Ne5 27. Rf4 Qg5 28. Rcf1 Nc6 29. Qd2 h4 30. Ne2 Nh5 31. R4f3 Ne5 32. Qxd5 Nxf3+ 33. Rxf3 Rbd8 $19 34. Qb3 Rd2 35. Rf2 Rxe3 36. Qc4 Qe7 37. f6 Nxf6 38. Nf4 Rd1+ 39. Rf1 Rxf1+ 0-1

[Event "World Junior U20 Open 2018"]
[Site "Gebze"]
[Date "2018.09.11"]
[Round "7.60"]
[White "Shailesh, Dravid"]
[Black "Kwon, Sehyun"]
[Result "1-0"]
[ECO "B27"]
[WhiteElo "2325"]
[BlackElo "2129"]
[Annotator "NA"]
[PlyCount "81"]
[EventDate "2018.09.05"]
[EventType "swiss"]
[EventCountry "TUR"]
[SourceTitle "playchess.com"]
[Source "ChessBase"]
[SourceQuality "1"]
[TimeControl "40/5400+30:1800+30"]

1. e4 c5 2. Nf3 g6 3. h4 Bg7 {[%emt 0:09:30] B27: Sicilian: 2 Nf3, unusual Black 2nd moves} 4. h5 Nc6 5. Bc4 e6 6. Nc3 Nge7 7. h6 (7. d3 d5 8. Bb5 d4 9. Bxc6+ Nxc6 10. Ne2 e5 {½-½ (64) Vachier Lagrave,M (2819)-Nakamura,H (2791) chess.com INT 2016}) 7... Bf6 8. Qe2 d6 $146 ({Predecessor:} 8... O-O 9. e5 Bh8 10. d3 a6 11. Bf4 Nf5 12. Ne4 Nxe5 13. Bxe5 Bxe5 14. Nxe5 {1-0 (40) Bravo Lutz,S-Prosch,S Neumuenster 1999}) 9. d3 O-O 10. Bf4 Bh8 11. O-O a6 12. a4 Qc7 13. Rae1 Bd7 14. Bg5 Rfe8 15. Nh2 Nd4 16. Qd2 b5 17. Ba2 Kf8 18. Ng4 Ng8 19. Ne2 (19. e5 $5 ) 19... e5 (19... f6 $11) 20. Ne3 Ne6 21. Nd5 Qc6 22. Bh4 c4 23. dxc4 bxc4 24. Ne3 Bf6 25. Bg3 Nxh6 26. Nxc4 Kg7 27. f4 Ng4 28. Nxd6 Qc5+ 29. Kh1 Rf8 30. f5 Bg5 31. Qd3 Nd4 32. Bxe5+ Qxe5 33. Qxd4 Bxa4 34. fxg6 Qxd4 35. Nxd4 hxg6 36. Nxf7 Rh8+ 37. Nxh8 Rxh8+ 38. Kg1 Bh4 39. Ne6+ Kh6 40. Rf3 g5 $18 41. g3 1-0

[Event "World Junior U20 Open 2018"]
[Site "Gebze"]
[Date "2018.09.11"]
[Round "7.63"]
[White "Zlatin, Alexander"]
[Black "Liyanage, Ranindu Dilshan"]
[Result "1/2-1/2"]
[ECO "B21"]
[WhiteElo "2312"]
[BlackElo "1989"]
[Annotator "NA"]
[PlyCount "44"]
[EventDate "2018.09.05"]
[EventType "swiss"]
[EventCountry "TUR"]
[SourceTitle "playchess.com"]
[Source "ChessBase"]
[SourceQuality "1"]
[TimeControl "40/5400+30:1800+30"]

1. e4 c5 2. d4 cxd4 3. c3 dxc3 4. Nxc3 Nc6 5. Bc4 d6 6. Nf3 a6 7. O-O Nf6 8. h3 e6 9. Qe2 Be7 10. Rd1 b5 11. Bb3 Bd7 12. Bf4 $1 b4 13. Na4 Qb8 14. e5 dxe5 15. Nxe5 $11 Nxe5 16. Bxe5 Qb5 17. Qe3 O-O 18. Bxf6 Bxf6 19. Nb6 Bg5 20. Qd4 Bf6 21. Qe3 Bg5 22. Qd4 Bf6 1/2-1/2

[Event "World Junior U20 Open 2018"]
[Site "Gebze"]
[Date "2018.09.11"]
[Round "7.64"]
[White "Akdogan, Alperen"]
[Black "Ozsakallioglu, Okan"]
[Result "0-1"]
[ECO "E17"]
[WhiteElo "2278"]
[BlackElo "1955"]
[Annotator "NA"]
[PlyCount "56"]
[EventDate "2018.09.05"]
[EventType "swiss"]
[EventCountry "TUR"]
[SourceTitle "playchess.com"]
[Source "ChessBase"]
[SourceQuality "1"]
[TimeControl "40/5400+30:1800+30"]

1. d4 Nf6 2. Nf3 e6 3. c4 b6 4. g3 Bb7 5. Bg2 Be7 6. O-O O-O 7. Re1 Ne4 {[%emt 0:00:00] E17: Queen's Indian: 4 g3 Bb7 5 Bg2 Be7} 8. Nfd2 d5 9. Nxe4 dxe4 10. Nc3 f5 11. Be3 c5 $146 ({Predecessor:} 11... Nc6 12. Qd2 Bf6 13. Rad1 Qe7 14. Nb5 Rad8 15. Qc3 {0-1 (26) Bhat,V (2473)-Onischuk,A (2699) Montreal 2009}) 12. dxc5 bxc5 13. Qb3 Qc8 14. Rad1 Nc6 15. Nb5 e5 16. Qa3 (16. Nd6 $11 Bxd6 17. Rxd6) 16... a6 17. Nd6 Bxd6 18. Rxd6 Nd4 19. Qa5 f4 20. Bxd4 exd4 21. b4 $1 fxg3 22. fxg3 Qf5 23. Rf1 Qg5 24. Qxc5 Qe3+ 25. Kh1 Rxf1+ 26. Bxf1 Rf8 27. Qh5 Qc1 28. Qh3 Rxf1+ 0-1

[Event "World Junior U20 Open 2018"]
[Site "Gebze"]
[Date "2018.09.11"]
[Round "7.67"]
[White "Ozturk, Efe Hakan"]
[Black "Wong, Yinn Long"]
[Result "0-1"]
[ECO "A04"]
[WhiteElo "2065"]
[BlackElo "2261"]
[Annotator "NA"]
[PlyCount "106"]
[EventDate "2018.09.05"]
[EventType "swiss"]
[EventCountry "TUR"]
[SourceTitle "playchess.com"]
[Source "ChessBase"]
[SourceQuality "1"]
[TimeControl "40/5400+30:1800+30"]

1. Nf3 c5 2. g3 g6 3. Bg2 Bg7 4. d4 cxd4 5. Nxd4 Nc6 6. Nxc6 bxc6 7. O-O Rb8 8. Nd2 {[%emt 0:00:00] A04: Unusual lines after 1 Nf3 and King's Indian Attack} (8. Nc3 Nf6 9. e4 O-O 10. Re1 d6 11. e5 Ng4 12. exd6 exd6 13. h3 Ne5 14. b3 Bf5 15. Bd2 h5 {½-½ (45) Ponomariov,R (2739)-Gashimov,V (2758) Khanty-Mansiysk 2009}) 8... c5 9. c3 Nf6 10. e4 O-O 11. Qa4 Qc7 12. Nc4 $146 ({Predecessor:} 12. Re1 d6 13. Nf3 Nd7 14. Qc2 Bb7 15. Bf4 Bc6 16. Rab1 {0-1 (91) Shi,K (2192)-Bai,J (2537) Shenzhen 2016}) 12... d6 13. Re1 Nd7 14. Ne3 e6 15. f4 f5 16. exf5 gxf5 17. g4 fxg4 18. Nxg4 Nf6 19. Nf2 $17 Kh8 20. Nh3 Bb7 21. Re2 Bxg2 22. Rxg2 Rbe8 23. Bd2 d5 24. Kh1 Ne4 25. Be3 Bf6 26. Rag1 Rd8 27. Ng5 Bxg5 28. fxg5 Rf3 29. Qd1 Rxe3 30. Qh5 Qg7 31. g6 Nf6 32. Qh4 Re4 33. Qf2 h6 34. Qxc5 Kg8 35. b4 Rc4 36. Qe3 Re4 37. Qh3 Rf8 38. Rf2 h5 39. Rgf1 Qxg6 40. Rf4 Rxf4 41. Qxe6+ Kh7 42. Rxf4 Re8 43. Qa6 Re1+ 44. Rf1 Qe4+ 45. Kg1 Qe3+ 46. Kh1 Qf3+ 47. Kg1 Rxf1+ 48. Qxf1 Qxf1+ 49. Kxf1 Ne4 50. a3 Nxc3 51. Kf2 d4 52. Kf3 Kg6 53. a4 Kf5 0-1

[Event "World Junior U20 Open 2018"]
[Site "Gebze"]
[Date "2018.09.11"]
[Round "7.68"]
[White "Gulden, Egemen"]
[Black "Yilmaz, Goktan"]
[Result "0-1"]
[ECO "B26"]
[WhiteElo "2068"]
[BlackElo "2237"]
[Annotator "NA"]
[PlyCount "104"]
[EventDate "2018.09.05"]
[EventType "swiss"]
[EventCountry "TUR"]
[SourceTitle "playchess.com"]
[Source "ChessBase"]
[SourceQuality "1"]
[TimeControl "40/5400+30:1800+30"]

1. e4 c5 2. Nc3 d6 3. g3 Nc6 4. Bg2 g6 5. d3 Bg7 6. Be3 Rb8 7. f4 e6 8. Qd2 Nge7 9. Nh3 {[%emt 0:01:30] B26: Closed Sicilian: 3 g3, lines with early Be3} (9. Nf3 b5 10. a3 a5 11. Nd1 b4 12. axb4 axb4 13. h4 h5 14. O-O O-O 15. Rb1 Ra8 16. Nf2 Ra2 17. d4 {½-½ (39) Seirawan,Y (2643)-Karpov,A (2615) Saint Louis 2012}) 9... b5 10. O-O b4 11. Nd1 O-O 12. c3 bxc3 $146 ({Predecessor:} 12... f5 13. Kh1 Bb7 {0-1 (31) Bershad,N-Miralaie,M San Pedro 2006}) 13. bxc3 Qa5 14. Rc1 Rd8 15. f5 exf5 16. Bh6 Ne5 17. Bxg7 Kxg7 18. Ne3 fxe4 19. dxe4 Be6 20. Qf2 {[%emt 0:13:30] [#]} Ng8 $1 ({Inferior is} 20... Qxa2 21. Qf6+ Kg8 22. Qxe7 $16) 21. Nf5+ gxf5 22. exf5 Bc4 23. f6+ Kf8 24. Rfe1 Qxa2 25. Rc2 Qa4 26. Rd2 Nd3 27. Ng5 $19 Nxe1 28. Nxh7+ Ke8 29. Qxe1+ Kd7 30. Qe4 Re8 31. Qf4 Rb1+ 32. Kf2 Rb6 33. Ng5 Qb5 34. Ne4 Rxe4 35. Bxe4 Be6 36. Qg5 Qc4 37. Bh7 Qxc3 38. Bxg8 Rb2 39. Rxb2 Qxb2+ 40. Kg1 Qd4+ 41. Kg2 Qd5+ 42. Qxd5 Bxd5+ 43. Kf2 a5 44. Ke3 a4 45. Kd2 a3 46. Kc3 a2 47. Kb2 Ke6 48. Bh7 Kxf6 49. h4 Bb3 50. g4 c4 51. g5+ Kg7 52. Be4 c3+ 0-1

[Event "World Junior U20 Open 2018"]
[Site "Gebze"]
[Date "2018.09.11"]
[Round "7.69"]
[White "Samani, Yamac"]
[Black "Cansun, Can Alp"]
[Result "1-0"]
[ECO "B42"]
[WhiteElo "2226"]
[BlackElo "2110"]
[Annotator "ChessBase"]
[PlyCount "51"]
[EventDate "2018.09.05"]
[EventType "swiss"]
[EventCountry "TUR"]
[SourceTitle "playchess.com"]
[Source "ChessBase"]
[SourceQuality "1"]
[TimeControl "40/5400+30:1800+30"]

1. e4 c5 2. Nf3 e6 3. d4 cxd4 4. Nxd4 a6 5. Bd3 Nf6 6. O-O Qc7 7. Qe2 d6 8. f4 Nbd7 9. c4 Be7 10. Nc3 b6 11. f5 Ne5 12. Kh1 Bd7 13. Bd2 Rc8 14. b3 h5 15. fxe6 fxe6 16. Nf3 Nfg4 17. Rac1 Bf6 18. Bf4 Qc5 19. Bb1 Ke7 20. Qd2 a5 21. Rcd1 Rcd8 22. h3 Bc6 23. Nd4 Nh6 24. Be3 Nxc4 25. bxc4 Qxc4 26. Bd3 1-0